 Dungeon Sprint DCSS version 0.30-a0-800-g7c544603b3 (webtiles) character file.

Game seed: 10460263551088164834

2433 retardedninja the Severer (level 9, -1/96 HPs)
             Began as a Minotaur Berserker on Feb 22, 2023.
             Was a High Priest of Trog.
             Slain by a centaur warrior (4 damage)
             ... while petrified by a catoblepas
             ... in the Dungeon (Sprint IX: "|||||||||||||||||||||||||||||").
             The game lasted 00:01:18 (530 turns).

retardedninja the Severer (Minotaur Berserker)       Turns: 530, Time: 00:01:18

Health: -1/96      AC: 17    Str: 27    XL:     9   Next: 24%
Magic:  8/8        EV:  2    Int:  4    God:    Trog [*****.]
Gold:   0          SH:  0    Dex:  9    Spells: 8/8 levels left

rFire   . . .      SeeInvis .    j - +3 war axe "Caokeupt" {flame, *Corrode +Blink rElec rC++}
rCold   + + .      Faith    .    (no shield)
rNeg    + + +      Spirit   .    m - +1 chain mail
rPois   ∞          Reflect  .    (helmet restricted)
rElec   +          Harm     .    (no cloak)
rCorr   .          Rampage  .    a - +0 pair of gloves
Will    .....      NoTele   +    (no boots) Stlth
                                 (no amulet)
HPRegen 0.36/turn                k - +2 ring of protection
MPRegen 0.11/turn                l - +2 ring of protection

@: petrified, on berserk cooldown, slowed
A: horns 2, retaliatory headbutt
a: Renounce Religion, Evoke Blink, Berserk, Trog's Hand, Brothers in Arms


You were in the Dungeon.
You worshipped Trog.
Trog was extremely pleased with you.
You visited 1 branch

Inventory:

Hand Weapons
 j - the +3 war axe "Caokeupt" (weapon) {flame, *Corrode +Blink rElec rC++}
   (You found it in the Dungeon)

   rC:        It greatly protects you from cold.
   rElec:     It insulates you from electricity.
   +Blink:    It lets you blink.
   *Corrode:  It may corrode you when you take damage.
Armour
 a - a +0 pair of gloves (worn)
 m - a +1 chain mail (worn)
Jewellery
 k - a +2 ring of protection (left hand)
 l - a +2 ring of protection (right hand)
Wands
 i - a wand of roots (10)
Scrolls
 h - 2 scrolls of blinking
Potions
 c - 5 potions of curing
 d - 3 potions of heal wounds
 f - 4 potions of magic


   Skills:
 + Level 14.6 Fighting
 + Level 16.4 Axes
 + Level 9.0 Armour
 + Level 8.7 Dodging
 + Level 2.9 Stealth


You had 8 spell levels left.
You didn't know any spells.
Your spell library was empty.

Dungeon Overview and Level Annotations

Branches:
Dungeon (1/1)

Altars:
Cheibriados
Dithmenos
Elyvilon
Fedhas
Gozag
Hepliaklqana
Kikubaaqudgha
Makhleb
Nemelex Xobeh
Okawaru
Qazlal
Ru
Sif Muna
Trog
Uskayaw
Vehumet
Wu Jian
Xom
Yredelemnul
Zin
The Shining One
Jiyva
Lugonu


Innate Abilities, Weirdness & Mutations

You have a pair of horns on your head.
You reflexively headbutt those who attack you in melee.


Message History

You are engulfed in calcifying dust.
The catoblepas gores you!
* * * LOW HITPOINT WARNING * * *
Unknown command.
Unknown command.
You hit the catoblepas but do no damage.
The catoblepas is almost dead.
You are engulfed in calcifying dust.
You are slowing down.
The catoblepas snuffles in challenge.
The catoblepas breathes a plume of calcifying dust at you.
The blast of calcifying dust hits you but does no damage.
You slash the catoblepas! You burn the catoblepas.
You kill the catoblepas!
Trog accepts your kill.
Trog will now gift you melee weapons as you gain piety.
You are engulfed in calcifying dust.
Your limbs have turned to stone.
You are no longer corroded.
The centaur warrior wields a +0 shortbow.
The centaur warrior shoots an arrow.
The arrow hits you!
* * * LOW HITPOINT WARNING * * *
The centaur warrior shoots an arrow.
The arrow hits you.
* * * LOW HITPOINT WARNING * * *
You have turned to stone.
Your Axes skill increases to level 16!
Your Armour skill increases to level 9!
You have reached level 9!
Your experience leads to an increase in your attributes!
Increase (S)trength, (I)ntelligence, or (D)exterity?
You feel stronger. x2
The centaur warrior unwields a +0 shortbow.
The centaur warrior hits you!
* * * LOW HITPOINT WARNING * * *
The centaur warrior kicks you but does no damage.
The centaur warrior hits you but does no damage.
The centaur warrior kicks you but does no damage.
The centaur warrior hits you but does no damage.
The centaur warrior kicks you but does no damage.
The centaur warrior hits you but does no damage.
The centaur warrior kicks you but does no damage.
The centaur warrior hits you!
You die... ▓▓▓▓▓▓▓▓▓▓▓▓▓▓▓▓▓▓▓▓▓▓▓ ?)..[...[[.....'@ccy..+ ▓▓▓▓▓▓▓▓▓▓▓▓▓▓▓▓▓▓▓▓▓▓▓

You could see 2 centaur warriors and a vampire mosquito.

Vanquished Creatures
  A catoblepas (D)
  A hydra (D)
  A cyclops (D)
  A gargoyle (D)
  2 shadows (D)
  2 steam dragons (D)
  An ice beast (D)
  2 gnoll boudas (D)
  An iguana (D)
  A worm (D)
  An orc (D)
  A ball python (D)
  2 goblins (D)
  A bat (D)
  A rat (D)
19 creatures vanquished.

Notes
Turn   | Place    | Note
-------+----------+-------------------------------------------
     0 | D        | retardedninja the Minotaur Berserker began the quest for
                  | the Orb.
     0 | D        | Reached XP level 1. HP: 19/19 MP: 0/0
     6 | D        | Reached skill level 4 in Axes
    13 | D        | Reached ** piety under Trog
    38 | D        | Noticed a gnoll bouda
    38 | D        | Noticed an iguana
    38 | D        | Noticed an ice beast
    43 | D        | Killed a gnoll bouda
    44 | D        | Reached skill level 5 in Fighting
    44 | D        | Reached skill level 5 in Axes
    44 | D        | Reached XP level 2. HP: 30/30 MP: 1/1
    44 | D        | Reached XP level 3. HP: 37/37 MP: 2/2
    46 | D        | Reached *** piety under Trog
    47 | D        | Reached skill level 6 in Axes
    52 | D        | Killed an ice beast
    53 | D        | Reached skill level 8 in Axes
    53 | D        | Reached XP level 4. HP: 48/48 MP: 3/3
    53 | D        | Reached XP level 5. HP: 53/53 MP: 4/4
    97 | D        | Found a snail-covered altar of Cheibriados.
    97 | D        | Found a shadowy altar of Dithmenos.
    97 | D        | Found a white marble altar of Elyvilon.
    97 | D        | Found a blossoming altar of Fedhas.
    97 | D        | Found an opulent altar of Gozag.
    98 | D        | Found a hazy altar of Hepliaklqana.
    99 | D        | Found a viscous altar of Jiyva.
   100 | D        | Found an ancient bone altar of Kikubaaqudgha.
   101 | D        | Found a corrupted altar of Lugonu.
   102 | D        | Found a burning altar of Makhleb.
   103 | D        | Found a sparkling altar of Nemelex Xobeh.
   104 | D        | Found an iron altar of Okawaru.
   105 | D        | Found a stormy altar of Qazlal.
   106 | D        | Found a sacrificial altar of Ru.
   107 | D        | Found a shimmering blue altar of Sif Muna.
   108 | D        | Found a bloodstained altar of Trog.
   109 | D        | Found a hide-covered altar of Uskayaw.
   110 | D        | Found a radiant altar of Vehumet.
   111 | D        | Found an ornate altar of the Wu Jian Council.
   112 | D        | Found a shimmering altar of Xom.
   113 | D        | Found a basalt altar of Yredelemnul.
   114 | D        | Found a glowing silver altar of Zin.
   115 | D        | Found a glowing golden altar of the Shining One.
   131 | D        | Got the +3 war axe "Caokeupt" {flame, *Corrode +Blink rElec
                  | rC++}
   168 | D        | Noticed a gargoyle
   168 | D        | Noticed a shadow
   168 | D        | Noticed a steam dragon
   168 | D        | Noticed a shadow
   168 | D        | Noticed a steam dragon
   175 | D        | Killed a gargoyle
   175 | D        | Reached **** piety under Trog
   176 | D        | Reached skill level 11 in Axes
   176 | D        | Reached skill level 5 in Armour
   176 | D        | Reached XP level 6. HP: 36/68 MP: 5/5
   178 | D        | Killed a shadow
   179 | D        | Reached skill level 12 in Axes
   179 | D        | Killed a steam dragon
   180 | D        | Reached XP level 7. HP: 23/75 MP: 6/6
   182 | D        | Killed a shadow
   183 | D        | Reached skill level 13 in Axes
   188 | D        | Killed a steam dragon
   189 | D        | Reached skill level 1 in Stealth
   498 | D        | Noticed a cyclops
   498 | D        | Noticed an eight-headed hydra
   498 | D        | Noticed a catoblepas
   498 | D        | Noticed a centaur warrior
   498 | D        | Noticed a centaur warrior
   498 | D        | Noticed a vampire mosquito
   504 | D        | Killed a cyclops
   505 | D        | Reached skill level 14 in Axes
   505 | D        | Reached XP level 8. HP: 86/86 MP: 7/7
   508 | D        | Killed a five-headed hydra
   509 | D        | Reached skill level 15 in Axes
   526 | D        | Killed a catoblepas
   526 | D        | Reached ***** piety under Trog
   527 | D        | Reached skill level 16 in Axes
   527 | D        | Reached XP level 9. HP: 7/96 MP: 8/8
   528 | D        | HP: 2/96 [centaur warrior (5)]
   530 | D        | Slain by a centaur warrior

Illustrated notes

Levels and vault maps discovered:
D:        linesprint [early_d, line_temple, items_1, d_10, items_2, lair_1,
          lair_end, items_3, orc_1, orc_end, items_4, d_15, swamp_1, shoals_1,
          snake_1, spider_1, d_20, vaults_1, items_5, swamp_end, shoals_end,
          snake_end, spider_end, vaults_end, d_27, items_6, zot_1, zot_end,
          crypt_end, forest_end, elf_end, slime_end, tomb_end, abyss_end,
          pan_hell_end]

Skill      XL: |  1  2  3  4  5  6  7  8 |
---------------+-------------------------+-----
Fighting       | 5 8 11 13 14 | 14.6
Axes           | 5 8 11 12 14 16 | 16.4
Armour         | 3 4 5 6 7 9 |  9.0
Dodging        | 3 4 6 7 8 |  8.7
Stealth        | 1 2 |  2.9

Action                     |  1- 3 |  4- 6 |  7- 9 || total
---------------------------+-------+-------+-------++-------
  Melee: Hand axe          |    28 |     1 |       ||    29
         Headbutt          |     4 |     2 |     7 ||    13
         War axe           |       |     8 |    21 ||    29
 Invoke: Berserk           |       |     1 |     1 ||     2
    Use: Potion            |     1 |     2 |       ||     3
   Stab: Invisible         |       |     1 |     1 ||     2
 Armour: Animal skin       |     3 |       |       ||     3
         Chain mail        |       |     3 |    16 ||    19
  Dodge: Dodged            |    16 |     3 |     7 ||    26

Table legend: (Time is in decaauts)
 A = Elapsed time spent in this place.
 B = Non-inter-level travel time spent in this place.
 C = Inter-level travel time spent in this place.
 D = Time resting spent in this place.
 E = Time spent auto-exploring this place.
 F = Levels seen in this place.
 G = Mean time per level.
                   A        B        C        D        E       F      G
               +--------+--------+--------+--------+--------+-----+--------+
         Total |    527 |    527 |      0 |    364 |      0 |   1 |  527.0 |
       Dungeon |    527 |    527 |      0 |    364 |      0 |   1 |  527.0 |
               +--------+--------+--------+--------+--------+-----+--------+

Top non-repeatable levels by time:
       D: 527 daAuts
